AoeStats
← PiscoCAPEL777

MegaRandom

508557518Analyzed
2v2 RM · 9d ago on Sep 23, 2026· 62m 51s· 4 players
Game mode
Random Map
Map size
Medium (4 player)
Population
200
Speed
Normal
Resources
Standard
Victory
Conquest
Starting age
Dark Age
Ending age
Imperial Age
RankedLock teamsTeams togetherTeam positionsShared explorationLock speedFull tech treeHidden civsTurbo modeCheats
Victory
Defeat
🇨🇱 Vikings · Chile
965
+13
🇨🇱 Burgundians · Chile
956
+14
🇺🇸 Malians · United States
917
-14
🇺🇸 Chinese · United States
900
-13
tacobelldelights
14:40 Feudal Age
15:02 Man-at-Arms
16:47 Arson
17:10 Scale Mail Armor
17:42 Loom
18:47 Horse Collar
21:00 Fletching
22:05 Wheelbarrow
28:40 Fletching
32:07 Castle Age
32:08 Town Watch
33:00 Hand Cart
34:24 Town Watch
persiandiaper
4:17 Loom
18:32 Feudal Age
19:31 Double-Bit Axe
19:42 Gold Mining
20:27 Fletching
30:07 Padded Archer Armor
32:50 Castle Age
30:59 Horse Collar
33:35 Crossbowman
34:18 Bodkin Arrow
34:44 Thumb Ring
nicovc00
6:10 Double-Bit Axe
8:54 Loom
13:36 Feudal Age
16:43 Bow Saw
18:27 Horse Collar
20:09 Heavy Plow
23:02 Castle Age
23:43 Forging
23:39 Scale Barding Armor
24:38 Gold Mining
25:11 Husbandry
26:04 Cavalier
27:50 Gold Shaft Mining
30:12 Chain Barding Armor
30:28 Iron Casting
39:14 Wheelbarrow
48:49 Hand Cart
57:26 Imperial Age
58:54 Paladin
62:42 Burgundian Vineyards
PiscoCAPEL777
13:12 Feudal Age
15:14 Man-at-Arms
36:15 Castle Age
38:18 Horse Collar
38:38 Fletching
42:33 Elite Skirmisher
48:05 Bodkin Arrow
54:14 Imperial Age
54:56 Forging
54:47 Scale Mail Armor
58:59 Elite Berserk
59:49 Spies/Treason
Connection lost

Rejoining the realm…

Still unreachable

The connection could not be restored.

Session expired

The server has moved on; the page needs a fresh start.